 Dungeon Crawl Stone Soup version 0.20.1-1-g8b1a95d (webtiles) character file.

1736 vatarom the Summoner (level 8, -4/63 HPs)
             Began as a Pale Draconian Summoner on Sept 7, 2017.
             Slain by an ogre
             ... wielding a +0 giant club
              (26 damage)
             ... on level 6 of the Dungeon.
             The game lasted 00:17:37 (6022 turns).

vatarom the Summoner (Pale Draconian Summoner)      Turns: 6022, Time: 00:17:38

Health: -4/63      AC:  7    Str:  8 (9)  XL:     8   Next: 76%
Magic:  6/11       EV: 12    Int: 18      God:
Gold:   340        SH:  0    Dex:  9 (11) Spells: 1/11 levels left

rFire    . . .     SeeInvis .   e - +0 spear
rCold    + + .     Gourm    .   (no shield)
rNeg     . . .     Faith    .   (armour unavailable)
rPois    .         Spirit   .   (helmet restricted)
rElec    .         Reflect  .   (no cloak)
rCorr    .         Harm     .   h - +0 pair of gloves
MR       .....     Rnd*Tele +   (no boots)
Stlth    ++........             (no amulet)
Regen    0.2/turn               d - ring of teleportation (curse)
MPRegen  0.2/turn               j - ring of protection from cold

@: no status effects
A: breathe steam, unfitting armour, stinger 1, cold resistance 1, weak 1,
cold-blooded, AC +6
a: Breathe Steam


You were on level 6 of the Dungeon.
You were not hungry.

You visited 1 branch of the dungeon, and saw 6 of its levels.

You collected 340 gold pieces.

Inventory:

Hand Weapons
 e - a +0 spear (weapon)
 f - a +0 trident
Armour
 h - a +0 pair of gloves (worn)
Jewellery
 d - a cursed ring of teleportation (left hand)
 j - a ring of protection from cold (right hand)
 r - an uncursed ring of ice
Wands
 s - a wand of lightning (11/15)
Scrolls
 i - a scroll of fog
 l - a scroll of amnesia
 o - a scroll of identify
 p - a scroll of recharging
Potions
 g - a potion of brilliance
 m - a potion of agility
 t - 2 potions of curing
Books
 a - a book of Callings

   Spells                             Type                      Level
   a - Summon Small Mammal            Summoning                    1
   b - Call Imp                       Summoning                    2
   c - Call Canine Familiar           Summoning                    3
   d - Summon Guardian Golem          Hexes/Summoning              3
   e - Summon Lightning Spire         Summoning/Air                4
   f - Summon Ice Beast               Ice/Summoning                4
Comestibles
 b - 5 bread rations
 c - 2 royal jellies
 n - 4 fruits


   Skills:
 - Level 3.4 Fighting
 + Level 3.7 Polearms
 - Level 1.7 Dodging
 - Level 1.7 Stealth
 - Level 2.0 Spellcasting
 * Level 9.8 Summonings
 - Level 4.0 Ice Magic


You had one spell level left.
You knew the following spells:

 Your Spells              Type           Power        Failure   Level  Hunger
a - Summon Small Mammal   Summ           ####         1%          1    #......
b - Call Imp              Summ           #####...     1%          2    ###....
c - Call Canine Familiar  Summ           #####...     1%          3    ###....
d - Summon Ice Beast      Ice/Summ       ####....     10%         4    #####..


Dungeon Overview and Level Annotations

Branches:
Dungeon (6/15)
 Temple: D:4-7

Altars:
Dithmenos
Trog
Uskayaw
Vehumet

Shops:
D:5 *


Innate Abilities, Weirdness & Mutations

You can breathe blasts of scalding, opaque steam.
Your pale cyan-grey scales are hard. (AC +6)
You cannot fit into any form of body armour.
You are cold-blooded and may be slowed by cold attacks.
Your tail ends in a poisonous barb.
Your flesh is cold resistant. (rC+)
You are weak. (Str -2)


Message History

This raw flesh tastes terrible.
Your hound disappears in a puff of smoke!
Your magical contamination has completely faded away.
Things that are here:
a flail of crushing; a scale mail You start resting.
You are suddenly yanked towards some nearby monsters!
Your surroundings suddenly seem different.
An adder, a bullfrog, an ice beast and an ogre come into view.
There are monsters nearby!
Okay, then.
Unknown command.
The bullfrog croaks.
The ogre shouts!
An orc comes into view. It is wielding a mace.
The orc shouts!
The bullfrog swells and bulges.
The bullfrog hits you.
The orc throws a tomahawk.
The tomahawk hits you. The ogre hits you with a giant club!!
You die...

#.# #...## #.#
###... .# ###.
.. ##... .#
###..#. .# ###
.......
########.##....
#...#..
#......O.....##
#...##..
#....YS@.......
.... #..
#.....F....#...
.... #..
#...........#
..#..
#...........o..
.....
#..........##..
.....
############ #
.##.. #.. ##..
#...


You could see an ice beast, an ogre, a bullfrog, an adder and an orc.

Vanquished Creatures
  Grinder (D:5)
  An ogre (D:4)
  A bullfrog (D:6)
  A scorpion (D:4)
  2 orc priests (D:3)
  An orc wizard (D:4)
  A bullfrog skeleton (D:6)
  3 iguanas
  A worker ant (D:4)
  Natasha (D:4)
  A worker ant zombie (D:5)
  2 oozes
  A dart slug (D:1)
  4 leopard geckos
  8 orcs
  2 ball pythons
  3 bats
  3 giant cockroaches
  3 goblins
  A hobgoblin (D:1)
  2 kobolds
  A quokka (D:2)
  4 frilled lizards
  4 rats
52 creatures vanquished.

Vanquished Creatures (collateral kills)
  Pikel (D:5)
  The ghost of acidapple the Ruffian, an amateur DrTm (D:4)
  Edmund (D:6)
  An ice beast (D:6)
  A phantom (D:5)
  A sky beast (D:6)
  An ogre (D:5)
  A big kobold (D:5)
  A bullfrog (D:6)
  A scorpion (D:5)
  A howler monkey (D:4)
  An electric eel (D:6)
  A crimson imp (D:5)
  A centaur zombie (D:5)
  2 orc priests
  2 hounds
  A worker ant (D:4)
  Natasha (twice) (D:4)
  3 orc wizards
  A hound skeleton (D:6)
  A worker ant zombie (D:5)
  Robin (D:3)
  3 gnolls (D:4)
  4 adders
  An adder skeleton (D:4)
  A worm (D:3)
  A dart slug (D:1)
  A leopard gecko (D:1)
  11 orcs
  A ball python (D:4)
  2 giant cockroaches
  13 goblins
  8 hobgoblins
  4 jackals (D:2)
  3 bats
  A frilled lizard (D:1)
  4 kobolds
  3 rats
88 creatures vanquished.

Vanquished Creatures (others)
  A slave (D:5)
  An orc wizard (D:5)
  4 gnolls (D:5)
6 creatures vanquished.

Grand Total: 146 creatures vanquished

Notes
Turn   | Place    | Note
-------+----------+-------------------------------------------
     0 | D:1      | vatarom the Draconian Summoner began the quest for the Orb.
     0 | D:1      | Reached XP level 1. HP: 14/14 MP: 3/3
    68 | D:1      | Reached skill level 1 in Fighting
   125 | D:1      | Reached XP level 2. HP: 3/24 MP: 1/5
   381 | D:1      | Learned a level 2 spell: Call Imp
  1028 | D:1      | Reached XP level 3. HP: 26/30 MP: 6/6
  1251 | D:2      | Found a shadowy altar of Dithmenos.
  1549 | D:2      | Learned a level 3 spell: Call Canine Familiar
  1638 | D:2      | You fall through a shaft!
  1768 | D:3      | Found a radiant altar of Vehumet.
  1905 | D:3      | Noticed Robin
  1930 | D:3      | Reached XP level 4. HP: 22/38 MP: 2/7
  1934 | D:3      | Killed Robin
  2819 | D:3      | Reached skill level 5 in Summonings
  3040 | D:3      | Gained mutation: You are weak. (Str -2) [potion of mutation]
  3040 | D:3      | Gained mutation: Your tail ends in a poisonous barb. [potion of mutation]
  3040 | D:3      | Gained mutation: Your flesh is cold resistant. (rC+) [potion of mutation]
  3212 | D:4      | Found a bloodstained altar of Trog.
  3218 | D:4      | Reached XP level 5. HP: 28/45 MP: 6/8
  3327 | D:4      | Noticed an ogre
  3339 | D:4      | Killed an ogre
  3339 | D:4      | Reached skill level 6 in Summonings
  3410 | D:4      | Noticed acidapple's ghost (amateur DrTm)
  3503 | D:4      | Killed acidapple's ghost
  3503 | D:4      | Reached XP level 6. HP: 14/51 MP: 1/9
  3908 | D:4      | Reached skill level 7 in Summonings
  4033 | D:4      | Noticed Natasha
  4039 | D:4      | Killed Natasha
  4112 | D:4      | Noticed Natasha
  4121 | D:4      | Killed Natasha
  4272 | D:4      | Noticed Natasha
  4280 | D:4      | Killed Natasha
  4390 | D:5      | Entered Level 5 of the Dungeon
  4448 | D:5      | Your scales start taking on a pale cyan-grey colour.
  4448 | D:5      | Reached XP level 7. HP: 48/57 MP: 3/10
  4554 | D:5      | Learned a level 4 spell: Summon Ice Beast
  4588 | D:5      | Noticed Pikel
  4603 | D:5      | Killed Pikel
  4772 | D:5      | Noticed a hand axe
  4773 | D:5      | Found a hide-covered altar of Uskayaw.
  4775 | D:5      | Noticed a hand axe
  4807 | D:5      | Reached skill level 1 in Polearms
  4807 | D:5      | Reached skill level 8 in Summonings
  5114 | D:5      | Reached XP level 8. HP: 57/63 MP: 11/11
  5193 | D:5      | Found Ikij's General Store.
  5364 | D:5      | Noticed Grinder
  5376 | D:5      | Killed Grinder
  5537 | D:6      | Reached skill level 9 in Summonings
  5935 | D:6      | Noticed Edmund
  5981 | D:6      | Killed Edmund
  6022 | D:6      | Slain by an ogre

Skill      XL: |  1  2  3  4  5  6  7  8 |
---------------+-------------------------+-----
Fighting       | 1 2 3 |  3.4
Summonings     | 5 6 7 8 9 |  9.8
Ice Magic      | 4 |  4.0
Polearms       | 1 3 |  3.7
Dodging        | |  1.7
Stealth        | |  1.7
Spellcasting   | |  2.0

Action                   |  1- 3 |  4- 6 |  7- 9 || total
-------------------------+-------+-------+-------++-------
Melee: Unarmed           |    47 |       |       ||    47
       Tailslap          |    12 |     8 |     8 ||    28
       Spear             |   100 |   147 |   157 ||   404
       Short sword       |     7 |       |       ||     7
 Cast: Summon Small Mamm |     8 |       |       ||     8
       Call Imp          |     8 |    24 |     9 ||    41
       Call Canine Famil |     6 |    18 |    15 ||    39
       Summon Ice Beast  |       |       |     6 ||     6
 Abil: Breathe Steam     |       |       |     9 ||     9
  Use: Scroll            |     8 |     4 |     2 ||    14
       Potion            |     1 |     1 |     4 ||     6
 Stab: Sleeping          |     3 |     1 |     1 ||     5
       Distracted        |     1 |     2 |       ||     3
  Eat: Chunk             |     5 |     7 |    11 ||    23
       Bread ration      |       |     1 |       ||     1
Armor: Skin              |    54 |    40 |    48 ||   142
Dodge: Dodged            |   132 |    90 |   104 ||   326
